 Dungeon Crawl Stone Soup version 0.28.0-53-g5a82cb258f (webtiles) character file.

Game seed: 6749908081789553386

62 Peloso the Covered (level 3, 0/49 HPs)
             Began as a Minotaur Fighter on Aug 6, 2022.
             Slain by Grinder (3 damage)
             ... on level 3 of the Dungeon.
             The game lasted 00:03:17 (1750 turns).

Peloso the Covered (Minotaur Fighter)               Turns: 1750, Time: 00:03:17

Health: 0/49       AC:  7    Str: 20    XL:     3   Next: 85%
Magic:  2/2        EV:  9    Int:  5    God:
Gold:   85         SH:  5    Dex: 17    Spells: 2/2 levels left

rFire   . . .      SeeInvis .   a - +0 long sword
rCold   . . .      Faith    .   c - +0 buckler
rNeg    . . .      Spirit   .   b - +0 scale mail
rPois   .          Reflect  .   (helmet restricted)
rElec   .          Harm     .   (no cloak)
rCorr   .          Rampage  .   (no gloves)
Will    .....                   (no boots)
Stlth   ..........              (no amulet)
HPRegen 0.16/turn               h - +6 ring of dexterity
MPRegen 0.08/turn               (no ring)

@: berserking, hasted, very quick
A: horns 2, retaliatory headbutt
a: no special abilities


You were on level 3 of the Dungeon.
You visited 1 branch of the dungeon, and saw 3 of its levels.

You collected 85 gold pieces.

Inventory:

Hand Weapons
 a - a +0 long sword (weapon)
Missiles
 f - a throwing net (quivered)
Armour
 b - a +0 scale mail (worn)
 c - a +0 buckler (worn)
Jewellery
 e - a ring of magical power
 h - a +6 ring of dexterity (left hand)
Scrolls
 g - a scroll of teleportation
 m - a scroll of magic mapping {unknown}
Potions
 d - a potion of might


   Skills:
 + Level 4.2 Fighting
 + Level 3.3 Long Blades
 + Level 4.6 Armour
 + Level 3.9 Shields


You had 2 spell levels left.
You didn't know any spells.
Your spell library contained the following spells:

 Spells                   Type           Power      Damage    Failure   Level
 Beastly Appendage        Tmut           0%         N/A       88%         1
 Wereblood                Tmut           0%         N/A       96%         2
 Frozen Ramparts          Ice            0%         1d2       99%         3
 Spider Form              Tmut/Pois      0%         N/A       99%         3
 Ice Form                 Ice/Tmut       0%         N/A       100%        4
 Summon Ice Beast         Ice/Summ       0%         N/A       100%        4


Dungeon Overview and Level Annotations

Branches:
Dungeon (3/15)

Altars:

Annotations:
D:3 Grinder


Innate Abilities, Weirdness & Mutations

You have a pair of horns on your head.
You reflexively headbutt those who attack you in melee.


Message History

Sorry, I don't know how to get there.
Found 24 stones.
You see here 24 stones.
A goblin comes into view. It is wielding a +0 dagger.
Found a stone staircase leading up.
The goblin shouts!
You see here 6 gold pieces.
A goblin is nearby!
The goblin hits you but does no damage.
You hit the goblin.
The goblin is moderately wounded.
The goblin barely misses you. The goblin hits you with a +0 dagger.
You slash the goblin!
You kill the goblin!
You see here a +0 dagger.
HP restored.
You see here a +0 dagger.
You now have 85 gold pieces (gained 6).
g - a scroll of teleportation
Found a stone staircase leading up.
Grinder comes into view.
Grinder shouts!
Grinder gestures at you.
You suddenly lose the ability to move!
Grinder blinks!
Grinder gestures at you. Pain shoots through your body! Grinder hits you.
You writhe in agony.
Grinder hits you.
You writhe in agony.
* * * LOW HITPOINT WARNING * * *
Grinder hits you!
* * * LOW HITPOINT WARNING * * *
You can move again.
It was a potion of haste.
You feel yourself speed up. Grinder gestures at you.
You barely resist.
It was a potion of berserk rage.
A red film seems to cover your vision as you go berserk!
You feel yourself moving faster!
You feel mighty! Grinder hits you.
You die...

# #.......#
######.......#
#.........####
#.######### #(####
.....##########
.....##.......# ###
#....##....<#.#####.....
#.......# #.....@5...?..
#.......# #.#.###.......
.....##.###.#.# .#.....
###.###.......# .. ....
....# ##...#### .#. ..#
##### #...# .#.# .#
#...# .. . . #...# .# ##
#...#


You could see Grinder.

Vanquished Creatures
  2 adders (D:2)
  2 worms (D:2)
  2 dart slugs (D:2)
  3 endoplasms
  3 giant cockroaches (D:2)
  7 goblins
  2 hobgoblins (D:2)
  A quokka (D:1)
  5 ball pythons
  2 bats (D:2)
  2 frilled lizards (D:2)
  2 kobolds
  2 rats (D:2)
35 creatures vanquished.

Notes
Turn   | Place    | Note
-------+----------+-------------------------------------------
     0 | D:1      | Peloso the Minotaur Fighter began the quest for the Orb.
     0 | D:1      | Reached XP level 1. HP: 19/19 MP: 0/0
   216 | D:1      | Found a faded altar of an unknown god.
   523 | D:2      | Reached XP level 2. HP: 22/27 MP: 1/1
   861 | D:2      | Reached XP level 3. HP: 33/33 MP: 2/2
  1742 | D:3      | Noticed Grinder
  1742 | D:3      | Paralysed by Grinder for 7 turns
  1748 | D:3      | HP: 1/33 [Grinder (7)]
  1750 | D:3      | Slain by Grinder

Illustrated notes

Levels and vault maps discovered:
D:1:      scummos_arrival_star, layout_rooms,
          hellmonk_ecumenical_altar_crossroads, amcnicky_mini_pool_small
D:2:      minmay_chambers_of_ones, layout_loops_corners
D:3:      layout_loops_cross, uniq_grinder

Skill      XL: |  1  2  3 |
---------------+----------+-----
Armour         | 4 |  4.6
Fighting       | 4 |  4.2
Long Blades    | 3 |  3.3
Shields        | |  3.9

Action                   || total
-------------------------++-------
Melee: Long sword        ||    60
       Headbutt          ||     7
  Use: Scroll            ||     2
       Potion            ||     2
Armor: Scale mail        ||    31
Dodge: Dodged            ||    19
Block: Buckler           ||    14
